Map: Disco Bloodbath LE

Players

pHARM

  • Race: Zerg Zerg
  • League: Platinum
  • Spawn Location: 9:00

Miroku - Winner!

  • Race: Zerg Zerg
  • League: Silver
  • Spawn Location: 3:00

VOD

Have the link to the VOD?

Description

Time

  • Played on: Sept. 1, 2019, 4:01 p.m.
  • Length: 12:06
Show
View Real Time Build Order
Export as new Build Order

pHARM Zerg 

Build Orders: Hatch First 

Get SALT Encoding   

  12  0:01  Drone  
  13  0:13  Overlord  
  13  0:29  Drone  
  13  0:31  Drone x2  
  16  0:54  Drone  
  16  0:55  Drone  
  18  0:57  Hatchery  
  17  1:12  Spawning Pool  
  17  1:13  Drone  
  17  1:17  Drone  
  18  1:30  Drone  
  19  1:39  Extractor  
  18  1:46  Drone  
  19  1:48  Drone  
  20  2:06  Queen  
  22  2:09  Drone x2, Queen  
  22  2:11  Overlord  
  26  2:23  Drone x2  
  28  2:31  Zergling x4  
  30  2:39  Drone  
  31  2:45  Zergling x2  
  31  2:50  Metabolic Boost  
  32  3:07  Queen  
  32  3:10  Baneling Nest  
  32  3:20  Drone x4  
  32  3:21  Drone  
  36  3:32  Overlord  
  36  3:33  Overlord x2  
  36  3:51  Drone x6  
  42  4:02  Drone x6  
  48  4:04  Baneling x2  
  48  4:06  Hatchery  
  48  4:08  Zergling x2  
  48  4:19  Extractor  
  48  4:20  Extractor  
  46  4:24  Evolution Chamber  
  46  4:27  Baneling  
  46  4:29  Roach Warren  
  44  5:06  Lair  
  44  5:08  Overlord  
  44  5:09  Overlord x3  
  44  5:10  Roach  
  44  5:11  Roach x5  
  55  5:21  Overlord x2  
  55  5:32  Roach x5  
  65  5:53  Drone x8  
  65  5:56  Zerg Missile Weapons Level 1  
  73  6:05  Drone x4  
  73  6:10  Drone  
  73  6:11  Drone x6  
  84  6:39  Extractor  
  83  6:40  Extractor  
  82  6:54  Extractor  
  81  6:58  Hydralisk Den  
  70  7:13  Roach x9  
  70  7:14  Roach x10  
  96  7:29  Spine Crawler  
  95  7:30  Spine Crawler x2  
  95  7:31  Drone x4  
  97  7:54  Drone x9  
  106  8:00  Zerg Missile Weapons Level 2  
  106  8:06  Evolution Chamber  
  106  8:08  Hatchery  
  104  8:13  Overlord x8  
  104  8:14  Infestation Pit  
  103  8:33  Roach x6  
  115  8:38  Overseer x3  
  115  8:41  Zerg Ground Armor Level 1  
  115  8:53  Roach x12  
  139  8:55  Grooved Spines  
  139  9:21  Pneumatized Carapace  
  139  9:26  Hive  
  139  9:45  Drone x8  
  141  9:46  Drone x15  
  162  10:00  Hydralisk  
  162  10:01  Hydralisk x2  
  162  10:03  Overlord x7  
  168  10:07  Muscular Augments  
  168  10:10  Spire  
  159  10:18  Hydralisk x4  
  165  10:23  Hydralisk x4  
  168  10:40  Hydralisk x2  
  168  10:41  Hydralisk x11  
  142  10:50  Hydralisk  
  106  11:06  Roach x10  
  106  11:14  Roach  
  106  11:15  Roach x2  
  102  11:22  Roach  
  102  11:23  Roach  
  94  11:28  Roach x4, Extractor x2  
  94  11:33  Zergling x10  
  97  11:42  Roach x2  
Show
View Real Time Build Order
Export as new Build Order

Miroku Zerg - Winner!

Build Orders: Hatch First, Roach Hydra 

Get SALT Encoding   

  12  0:01  Drone  
  13  0:13  Overlord  
  13  0:17  Drone  
  14  0:31  Drone x2  
  16  0:36  Drone  
  17  0:55  Hatchery  
  16  0:58  Drone  
  16  1:00  Extractor  
  16  1:01  Drone  
  17  1:16  Spawning Pool  
  16  1:20  Drone  
  16  1:24  Drone  
  18  1:31  Drone  
  19  2:01  Drone  
  19  2:07  Queen x2  
  24  2:08  Zergling x2  
  24  2:09  Zergling x4  
  24  2:13  Overlord  
  27  2:19  Drone  
  28  2:29  Evolution Chamber  
  27  2:30  Drone  
  27  2:32  Evolution Chamber  
  27  2:34  Drone  
  28  2:56  Drone  
  28  2:58  Baneling Nest  
  28  3:01  Drone x4  
  28  3:02  Drone  
  28  3:04  Zerg Missile Weapons Level 1  
  33  3:08  Drone  
  33  3:10  Extractor  
  33  3:14  Overlord  
  33  3:19  Queen  
  32  3:33  Drone x2  
  32  3:34  Drone  
  35  3:35  Overlord  
  35  3:37  Zerg Ground Armor Level 1  
  35  3:53  Drone x6  
  41  4:10  Drone  
  41  4:11  Roach Warren  
  41  4:14  Drone x3  
  44  4:17  Drone  
  44  4:19  Drone x3, Extractor  
  47  4:25  Lair  
  47  4:31  Pneumatized Carapace  
  47  4:40  Zergling x2  
  48  4:56  Zergling x4  
  48  4:57  Zergling x4  
  48  4:59  Hatchery  
  51  5:03  Overlord x2  
  51  5:27  Baneling  
  51  5:38  Zerg Missile Weapons Level 2  
  51  5:39  Zerg Ground Armor Level 2  
  51  5:42  Drone  
  52  5:45  Hydralisk Den  
  52  5:48  Drone x3, Extractor  
  53  5:53  Queen  
  55  6:00  Roach x4  
  55  6:01  Roach x2  
  55  6:03  Overlord x2  
  67  6:05  Glial Reconstitution  
  67  6:14  Centrifical Hooks  
  67  6:19  Baneling x2  
  67  6:20  Queen  
  67  6:23  Drone x14  
  67  6:24  Overlord  
  82  6:38  Baneling  
  82  6:39  Baneling  
  82  6:42  Roach x2  
  82  6:43  Roach  
  84  7:06  Roach  
  84  7:07  Roach x6  
  91  7:17  Roach x2  
  95  7:26  Grooved Spines  
  95  7:39  Roach  
  97  7:44  Extractor  
  97  7:45  Extractor  
  95  7:54  Overlord x2  
  95  7:59  Roach  
  95  8:01  Overlord x2  
  97  8:16  Drone x3  
  97  8:17  Drone x3  
  97  8:18  Overlord x4  
  105  8:20  Roach x4  
  111  8:29  Ravager x2  
  111  8:30  Ravager  
  111  8:33  Hydralisk x3  
  120  8:40  Muscular Augments  
  120  8:42  Zergling x6  
  123  8:51  Drone x3  
  126  8:57  Hydralisk x5  
  136  9:05  Hatchery  
  135  9:12  Hatchery  
  134  9:19  Hydralisk x10  
  134  9:22  Ravager x3  
  134  9:23  Ravager x2  
  134  9:24  Overlord  
  159  9:26  Overlord x2  
  159  9:28  Hydralisk  
  161  9:32  Overlord  
  161  9:45  Hydralisk x3  
  161  9:46  Hydralisk x4  
  166  10:18  Drone x8  
  166  10:19  Drone x8  
  181  10:32  Lurker Den  
  173  10:42  Roach x3  
  167  10:43  Roach x11  
  163  10:55  Roach  
  163  10:56  Roach x9  
  173  11:09  Hydralisk x4  
  173  11:10  Hydralisk x6  
  186  11:21  Infestation Pit  
  180  11:30  Hatchery  
Tags
 
Composition
Roach Hydra
Matchup
ZvZ
Race
Zerg
Replay Pack
10.7.19
Spawn Locations
Cross Positions
Add a new tag
Caveats
  • Supply blocks, unpowered buildings, or Contaminate may cause inaccurate times.
  • Supply counts are checked every 10 seconds.